 Dungeon Sprint DCSS version 0.30-a0-996-ga6910c8ee8 (webtiles) character file.

Game seed: 14521228094966109607

8200000 fozzywoppz the Axe Maniac (level 27, -4/307 (323) HPs)
             Began as an Ogre Gladiator on Apr 4, 2023.
             Was the Champion of Makhleb.
             Killed from afar by a wretched soul (34 damage)
             ... with a bolt of negative energy
             ... in the Dungeon (Sprint VIII: "Arena of Blood").
             The game lasted 00:04:32 (82 turns).

fozzywoppz the Axe Maniac (Ogre Gladiator)            Turns: 82, Time: 00:04:32

HP:   -4/307 (323)  AC:  5    Str: 34    XL:     27
MP:   30/54         EV: 21    Int:  9    God:    Makhleb [******]
Gold: 0             SH:  0    Dex: 12    Spells: 80/80 levels left

rFire   . . .      SeeInvis .    l - +∞ Axe of Woe
rCold   . . .      Faith    .    (shield currently unavailable)
rNeg    . . .      Spirit   .    b - +0 robe
rPois   .          Reflect  .    c - +0 hat
rElec   .          Rampage  .    (no cloak)
rCorr   .          NoTele   +    (gloves unavailable)
Will    ++...                    (boots unavailable)
Stlth   +++++++++                (no amulet)
HPRegen 0.71/turn                q - +200 ring of slaying
MPRegen 0.34/turn                p - +250 ring of slaying

@: lightly drained
A: large, unfitting armour, tough skin 1
a: Renounce Religion, Minor Destruction, Lesser Servant of Makhleb, Major
Destruction, Greater Servant of Makhleb


You were in the Dungeon.
You worshipped Makhleb.
Makhleb was exalted by your worship.
You visited 1 branch

Inventory:

Hand Weapons
 a - a +0 war axe
 l - the +∞ Axe of Woe (weapon)
   (You found it in the Dungeon)
Missiles
 d - 3 throwing nets (quivered)
 e - a large rock
Armour
 b - a +0 robe (worn)
 c - a +0 hat (worn)
Jewellery
 m - a +30 ring of slaying
 n - a +30 ring of slaying
 o - a +30 ring of slaying
 p - a +250 ring of slaying (right hand)
 q - a +200 ring of slaying (left hand)
Scrolls
 k - a scroll of blinking
Potions
 f - a potion of curing
 g - a potion of heal wounds
 h - a potion of haste
 i - 2 potions of magic
 j - a potion of berserk rage


   Skills:
 O Level 27 Fighting
 O Level 27 Axes
 O Level 27 Polearms
 O Level 27 Throwing
 O Level 27 Armour
 O Level 27 Dodging
 O Level 27 Stealth
 + Level 26.9 Shields
 O Level 27 Unarmed Combat
 O Level 27 Spellcasting
 + Level 24.9 Conjurations
 + Level 24.9 Hexes
 + Level 24.9 Summonings
 + Level 25.0 Necromancy
 + Level 25.0 Translocations
 + Level 24.9 Transmutations
 + Level 25.0 Fire Magic
 + Level 25.0 Ice Magic
 + Level 25.0 Air Magic
 + Level 25.0 Earth Magic
 + Level 24.9 Poison Magic
 O Level 27 Invocations
 + Level 23.2 Evocations


You had 80 spell levels left.
You didn't know any spells.
Your spell library was empty.

Dungeon Overview and Level Annotations

Branches:
Dungeon (1/1)

Altars:
Makhleb


Innate Abilities, Weirdness & Mutations

You are too large for most types of armour.
You have tough skin. (AC +1)


Message History

The bag of meat attacks as you move away!
The bag of meat hits you with a +9 war axe!!
A bag of meat comes into view. It is wielding a +9 war axe.
You hear a shout! x10
The dread throws damnation at you.
The sphere of damnation explodes!
The damnation engulfs you!!
An accursed comes into view.
A sculptor of flesh comes into view. It is wielding a +9 great sword.
The bag of meat is engulfed in blazing flames. x4
You hear a howl!
You cut the bag of meat into ribbons!!!!
You hew the bag of meat savagely.
You kill the bag of meat!
Makhleb accepts your kill.
You hear a shout! x3
A bolt of negative energy appears from out of thin air!
Deactivating autopickup; reactivate with Ctrl-A.
The bolt of negative energy hits you!!!!
You feel drained.
* * * LOW HITPOINT WARNING * * *
You hear a shout! x2
Your life force feels restored.
Your Translocations skill increases to level 25!
Your Fire Magic skill increases to level 25!
Your Air Magic skill increases to level 25!
You hear a shout! x3
The large bag of meat is engulfed in blazing flames.
The eight-headed meat hydra calls on the powers of darkness!
The eight-headed meat hydra convulses!
The bag of meat convulses! x2
The meat berserker convulses!
The bag of meat convulses! x6
Your body is wracked with pain!
* * * LOW HITPOINT WARNING * * *
The bag of meat convulses!
The meat berserker convulses!
The bag of meat convulses! x3
The bag of meat is engulfed in blazing flames. x4
A bolt of negative energy appears from out of thin air!
The bolt of negative energy hits the bag of meat!!!!
The bag of meat is drained!
The bolt of negative energy hits you!!
You feel drained.
You die... .M......... ........... ... §z.o..o.o. ... #.ozz.o.# .... . #..oozOo#

.....
..###..oo.oo###.....
......D###OOo)..W...
.......)_o...){.....
...#.).).#@o.....#
#_)<)_#........
...#).)))#).....#.
......._)))).......
......###)).......#
.V###.......###.....
V #.......# .....
#.......# .....
.......V.


You could see an eight-headed meat hydra, 3 sculptors of flesh, a large bag of
meat (inner flame), a dread, 2 meat berserkers and 14 bags of meat.

Vanquished Creatures
  5 hell beasts (D)
  A royal mummy (D)
  3 wraiths (D)
  Harold (D)
  11 vampire knights (D)
  22 ogres (D)
  2 two-headed ogres (D)
  4 liches (D)
  26 orcs (D)
  7 skeletal warriors (D)
82 creatures vanquished.

Notes
Turn   | Place    | Note
-------+----------+-------------------------------------------
     0 | D        | Found the +∞ Axe of Woe
     0 | D        | fozzywoppz the Ogre Gladiator began the quest for the Orb.
     0 | D        | Reached XP level 1. HP: 22/22 MP: 1/1
     1 | D        | Noticed a bag of meat
     2 | D        | Noticed a bag of meat
     4 | D        | Became a worshipper of Makhleb the Destroyer
     6 | D        | Killed a bag of meat
     7 | D        | Reached XP level 2. HP: 49/49 MP: 2/2
     7 | D        | Reached XP level 3. HP: 57/57 MP: 3/3
     7 | D        | Reached XP level 4. HP: 66/66 MP: 4/4
     7 | D        | Reached XP level 5. HP: 74/74 MP: 5/5
     7 | D        | Reached XP level 6. HP: 83/83 MP: 6/6
     7 | D        | Reached XP level 7. HP: 91/91 MP: 7/7
     7 | D        | Reached XP level 8. HP: 98/98 MP: 8/8
     7 | D        | Reached XP level 9. HP: 106/106 MP: 9/9
     7 | D        | Reached XP level 10. HP: 115/115 MP: 10/10
     7 | D        | Reached XP level 11. HP: 123/123 MP: 11/11
     7 | D        | Noticed a bag of meat
     7 | D        | Noticed a bag of meat
     9 | D        | Noticed a meat berserker
    10 | D        | Noticed a bag of meat
    10 | D        | Noticed a bag of meat
    11 | D        | Noticed a bag of meat
    11 | D        | Noticed a bag of meat
    11 | D        | Noticed a meat berserker
    12 | D        | Noticed a meat berserker
    12 | D        | Noticed a bag of meat
    13 | D        | Killed a meat berserker
    13 | D        | Reached * piety under Makhleb
    14 | D        | Reached skill level 15 in Fighting
    14 | D        | Reached XP level 12. HP: 143/143 MP: 12/12
    14 | D        | Killed a bag of meat
    14 | D        | Noticed a bag of meat
    15 | D        | Reached XP level 13. HP: 154/154 MP: 13/13
    15 | D        | Killed a bag of meat
    16 | D        | Killed a bag of meat
    16 | D        | Reached ** piety under Makhleb
    16 | D        | Killed a bag of meat
    17 | D        | Reached XP level 14. HP: 170/170 MP: 14/14
    17 | D        | Killed a meat berserker
    17 | D        | Killed a meat berserker
    17 | D        | Reached *** piety under Makhleb
    18 | D        | Reached skill level 27 in Axes
    18 | D        | Reached skill level 15 in Throwing
    18 | D        | Reached XP level 15. HP: 187/187 MP: 15/15
    18 | D        | Noticed a meat berserker
    18 | D        | Noticed a meat berserker
    19 | D        | Noticed a meat berserker
    20 | D        | Noticed a meat berserker
    21 | D        | Reached **** piety under Makhleb
    22 | D        | Reached skill level 27 in Dodging
    22 | D        | Reached XP level 16. HP: 206/206 MP: 16/16
    22 | D        | Killed a meat berserker
    23 | D        | Reached skill level 27 in Fighting
    23 | D        | Noticed a destroyer
    23 | D        | Noticed a meat berserker
    24 | D        | Killed a meat berserker
    24 | D        | Noticed a meat berserker
    25 | D        | Reached XP level 17. HP: 160/226 MP: 17/17
    25 | D        | Killed a meat berserker
    26 | D        | Reached skill level 27 in Throwing
    26 | D        | Killed a meat berserker
    26 | D        | Reached ***** piety under Makhleb
    29 | D        | Reached skill level 10 in Armour
    29 | D        | Killed a meat berserker
    30 | D        | Reached XP level 18. HP: 236/236 MP: 17/39
    30 | D        | Noticed a destroyer
    30 | D        | Noticed a sculptor of flesh
    30 | D        | Killed a destroyer
    30 | D        | Noticed a meat berserker
    30 | D        | Noticed The Servant
    31 | D        | Noticed a sculptor of flesh
    31 | D        | Killed a meat berserker
    31 | D        | Reached ****** piety under Makhleb
    31 | D        | Noticed a meat berserker
    32 | D        | Reached XP level 19. HP: 245/245 MP: 17/46
    32 | D        | Noticed a meat berserker
    33 | D        | Killed a sculptor of flesh
    35 | D        | Noticed a sculptor of flesh
    36 | D        | Killed a meat berserker
    37 | D        | Reached skill level 27 in Spellcasting
    37 | D        | Reached skill level 27 in Invocations
    37 | D        | Killed a destroyer
    37 | D        | Killed a sculptor of flesh
    37 | D        | Noticed a meat berserker
    38 | D        | Reached skill level 27 in Armour
    38 | D        | Reached skill level 5 in Polearms
    38 | D        | Reached XP level 20. HP: 225/256 MP: 19/51
    38 | D        | Killed The Servant
    39 | D        | Reached skill level 15 in Polearms
    39 | D        | Killed a meat berserker
    43 | D        | Noticed a large bag of meat
    44 | D        | Killed a meat berserker
    44 | D        | Noticed a destroyer
    45 | D        | Reached XP level 21. HP: 265/265 MP: 20/52
    45 | D        | Noticed a tyrant
    45 | D        | Noticed a destroyer
    45 | D        | Noticed a destroyer
    46 | D        | Noticed a destroyer
    47 | D        | Noticed a meat berserker
    47 | D        | Killed a destroyer
    48 | D        | Noticed a destroyer
    48 | D        | Noticed a tyrant
    49 | D        | Noticed a tyrant
    50 | D        | Killed a destroyer
    50 | D        | Noticed a meat berserker
    50 | D        | Noticed an accursed
    51 | D        | Noticed a meat berserker
    51 | D        | Killed a large bag of meat
    51 | D        | Noticed a destroyer
    52 | D        | Reached skill level 5 in Shields
    52 | D        | Reached skill level 5 in Conjurations
    52 | D        | Reached skill level 5 in Hexes
    52 | D        | Reached skill level 5 in Summonings
    52 | D        | Reached skill level 5 in Necromancy
    52 | D        | Reached skill level 5 in Translocations
    52 | D        | Reached skill level 5 in Transmutations
    52 | D        | Reached skill level 5 in Fire Magic
    52 | D        | Reached skill level 5 in Ice Magic
    52 | D        | Reached skill level 5 in Air Magic
    52 | D        | Reached skill level 5 in Earth Magic
    52 | D        | Reached skill level 5 in Poison Magic
    52 | D        | Killed a meat berserker
    52 | D        | Noticed a meat berserker
    53 | D        | Reached skill level 5 in Evocations
    53 | D        | Reached XP level 22. HP: 213/275 MP: 23/53
    53 | D        | Noticed a destroyer
    54 | D        | Noticed a large bag of meat
    55 | D        | Killed a destroyer
    55 | D        | Killed a destroyer
    56 | D        | Reached skill level 15 in Unarmed Combat
    56 | D        | Killed a tyrant
    56 | D        | Killed a tyrant
    57 | D        | Reached skill level 10 in Conjurations
    57 | D        | Reached skill level 10 in Hexes
    57 | D        | Reached skill level 10 in Summonings
    57 | D        | Reached skill level 10 in Necromancy
    57 | D        | Reached skill level 10 in Translocations
    57 | D        | Reached skill level 10 in Transmutations
    57 | D        | Reached skill level 10 in Fire Magic
    57 | D        | Reached skill level 10 in Ice Magic
    57 | D        | Reached skill level 10 in Air Magic
    57 | D        | Reached skill level 10 in Earth Magic
    57 | D        | Reached skill level 10 in Poison Magic
    57 | D        | Killed a tyrant
    57 | D        | Noticed a destroyer
    58 | D        | Reached XP level 23. HP: 284/284 MP: 24/54
    58 | D        | Noticed a tyrant
    59 | D        | Reached skill level 10 in Evocations
    59 | D        | Killed a destroyer
    60 | D        | Killed a destroyer
    60 | D        | Killed a destroyer
    61 | D        | Reached skill level 27 in Polearms
    61 | D        | Reached skill level 15 in Shields
    61 | D        | Reached XP level 24. HP: 295/295 MP: 25/54
    62 | D        | Noticed a large bag of meat
    62 | D        | Noticed a meat beast
    63 | D        | Noticed a dread
    64 | D        | Killed an accursed
    64 | D        | Noticed a destroyer
    65 | D        | Reached skill level 15 in Conjurations
    65 | D        | Reached skill level 15 in Hexes
    65 | D        | Reached skill level 15 in Summonings
    65 | D        | Reached skill level 15 in Necromancy
    65 | D        | Reached skill level 15 in Translocations
    65 | D        | Reached skill level 15 in Transmutations
    65 | D        | Reached skill level 15 in Fire Magic
    65 | D        | Reached skill level 15 in Ice Magic
    65 | D        | Reached skill level 15 in Air Magic
    65 | D        | Reached skill level 15 in Earth Magic
    65 | D        | Reached skill level 15 in Poison Magic
    66 | D        | Noticed a meat beast
    66 | D        | Noticed a meat beast
    66 | D        | Noticed a dread
    67 | D        | Killed a dread
    68 | D        | Reached skill level 15 in Evocations
    68 | D        | Reached XP level 25. HP: 162/304 MP: 26/54
    68 | D        | Noticed a destroyer
    69 | D        | Noticed a dread
    69 | D        | Killed a meat beast
    69 | D        | Killed a meat beast
    69 | D        | Killed a destroyer
    70 | D        | Reached XP level 26. HP: 138/314 MP: 27/54
    70 | D        | Killed a meat beast
    70 | D        | Killed a dread
    71 | D        | Reached XP level 27. HP: 216/323 MP: 27/54
    72 | D        | Noticed a meat beast
    72 | D        | Noticed a meat beast
    73 | D        | Killed a destroyer
    74 | D        | Reached skill level 27 in Stealth
    75 | D        | Killed a meat beast
    75 | D        | Noticed a dread
    76 | D        | Killed a tyrant
    76 | D        | Killed a large bag of meat
    78 | D        | Killed a meat beast
    79 | D        | Killed a dread
    80 | D        | Reached skill level 27 in Unarmed Combat
    80 | D        | Noticed an accursed
    82 | D        | Killed from afar by a wretched soul

Illustrated notes

Levels and vault maps discovered:
D:        meatsprint

Skill      XL: |  1  2  3  4  5  6  7  8  9 10 11 12 13 14 15 16 17 18 19 20 21 22 23 24 25 26 27 |
---------------+----------------------------------------------------------------------------------+-----
Fighting       | 12 15 16 18 21 24 27 | 27.0
Axes           | 16 20 22 25 27 | 27.0
Throwing       | 9 11 13 15 16 25 27 | 27.0
Dodging        | 14 18 19 21 24 27 | 27.0
Armour         | 14 18 27 | 27.0
Spellcasting   | 17 23 27 | 27.0
Invocations    | 17 23 27 | 27.0
Polearms       | 5 21 24 25 27 | 27.0
Stealth        | 4 18 20 22 23 24 25 26 27 | 27.0
Unarmed Combat | 8 14 16 18 20 22 24 27 | 27.0
Shields        | 6 11 15 17 20 22 26 | 26.9
Conjurations   | 6 10 13 16 19 20 24 | 24.9
Hexes          | 6 10 13 16 19 20 24 | 24.9
Summonings     | 6 10 13 16 19 20 24 | 24.9
Necromancy     | 6 10 13 16 19 21 25 | 25.0
Translocations | 6 10 13 16 19 20 25 | 25.0
Transmutations | 6 10 13 16 19 20 24 | 24.9
Fire Magic     | 6 10 13 16 19 20 25 | 25.0
Ice Magic      | 6 10 13 16 19 20 25 | 25.0
Air Magic      | 6 10 13 16 19 20 25 | 25.0
Earth Magic    | 6 10 13 16 19 20 25 | 25.0
Poison Magic   | 6 10 13 16 19 20 24 | 24.9
Evocations     | 5 9 12 15 17 19 23 | 23.2

Action                     |  1- 3 |  4- 6 |  7- 9 | 10-12 | 13-15 | 16-18 | 19-21 | 22-24 | 25-27 || total
---------------------------+-------+-------+-------+-------+-------+-------+-------+-------+-------++-------
  Melee: Executioner's axe |     1 |       |       |     2 |     6 |     8 |    11 |    10 |    10 ||    48
  Dodge: Dodged            |       |       |       |       |       |       |     1 |       |     4 ||     5

Table legend: (Time is in decaauts)
 A = Elapsed time spent in this place.
 B = Non-inter-level travel time spent in this place.
 C = Inter-level travel time spent in this place.
 D = Time resting spent in this place.
 E = Time spent auto-exploring this place.
 F = Levels seen in this place.
 G = Mean time per level.
                   A        B        C        D        E       F      G
               +--------+--------+--------+--------+--------+-----+--------+
         Total |     65 |     65 |      0 |      0 |      0 |   1 |   65.0 |
       Dungeon |     65 |     65 |      0 |      0 |      0 |   1 |   65.0 |
               +--------+--------+--------+--------+--------+-----+--------+

Top non-repeatable levels by time:
       D: 65 daAuts
